 Dungeon Crawl Stone Soup version 0.31-a0-271-gb88eb75 (webtiles) character file.

Game seed: 8405106550963846610

1418 Dawnplanks the Skirmisher (level 8, -1/39 HPs)
             Began as a Spriggan Hunter on July 14, 2023.
             Slain by a kobold brigand
             ... wielding a +2 dagger of freezing
              (2 damage)
             ... on level 5 of the Dungeon.
             The game lasted 00:09:02 (4537 turns).

Dawnplanks the Skirmisher (Spriggan Hunter)         Turns: 4537, Time: 00:09:03

Health: -1/39      AC:  2    Str:  7    XL:     8   Next: 43%
Magic:  9/9        EV: 18    Int: 10    God:
Gold:   334        SH:  0    Dex: 21    Spells: 7/7 levels left

rFire   . . .        a - +0 shortbow
rCold   . . .        (shield currently unavailable)
rNeg    . . .        c - +0 robe
rPois   +            (helmet currently unavailable)
rElec   .            (cloak currently unavailable)
rCorr   .            (gloves unavailable)
SInv    +            (boots unavailable)
Will    +....        j - amulet of the acrobat
Stlth   ++           v - ring of poison resistance
HPRegen 0.26/turn    (no ring)
MPRegen 0.11/turn

%: acrobat
@: beast-form, very quick
A: beast (slay +5), very small, no large weapons, unfitting armour, see
invisible, speed 3
a: Begin Untransformation


You were on level 5 of the Dungeon.
You were a hulking beast.
You visited 1 branch of the dungeon, and saw 6 of its levels.
You also visited: Ossuary.

You collected 334 gold pieces.

Inventory:

Hand Weapons
 a - a +0 shortbow (weapon)
Armour
 c - a +0 robe (worn)
Jewellery
 j - an amulet of the acrobat (around neck)
 v - a ring of poison resistance (left hand)
Talismans
 r - a beast talisman
Wands
 p - a wand of paralysis (12)
Scrolls
 b - a scroll of butterflies
 d - 2 scrolls of identify {unknown}
 e - a scroll of summoning {unknown}
 g - 3 scrolls of blinking {unknown}
 h - 2 scrolls of poison {unknown}
 k - 2 scrolls of immolation {unknown}
 m - a scroll of teleportation {unknown}
 o - a scroll of silence {unknown}
 s - 3 scrolls of vulnerability {unknown}
 w - a scroll of fog {unknown}
 y - a scroll of revelation {unknown}
 C - 7 scrolls of noise
Potions
 f - 2 potions of brilliance {unknown}
 i - a potion of haste {unknown}
 l - 3 potions of curing {unknown}
 n - 3 potions of lignification {unknown}
 q - 2 potions of enlightenment {unknown}
 t - a potion of ambrosia {unknown}
 u - 4 potions of might {unknown}
 x - a potion of cancellation {unknown}
 z - a potion of attraction {unknown}
 A - 3 potions of heal wounds {unknown}
 B - a potion of magic {unknown}
 D - a potion of invisibility {unknown}


   Skills:
 + Level 2.7 Fighting
 + Level 8.2 Ranged Weapons
 + Level 3.1 Dodging
 + Level 2.0 Stealth
 + Level 7.4 Shapeshifting


You had 7 spell levels left.
You didn't know any spells.
Your spell library contained the following spells:

 Spells                   Type           Power      Damage    Failure   Level
 Animate Dead             Necr           0%         N/A       98%         4
 Haunt                    Necr/Summ      0%         N/A       100%        7
 Infestation              Necr           0%         N/A       100%        8


Dungeon Overview and Level Annotations

Branches:
Dungeon (6/15)            Ossuary (visited)
 Temple: D:4-7

Altars:
Xom

Shops:
D:5 (


Innate Abilities, Weirdness & Mutations

You are a hulking beast.
Your limbs bulge with bestial killing power. (Slay +5)
You are very small and have problems with some larger weapons.
You are too small for most types of armour.
You have supernaturally acute eyesight. (SInv)
You cover ground extremely quickly. (Speed+++)


Message History

The kobold brigand hits you with a +2 dagger of freezing!
The kobold brigand freezes you.
You shoot an arrow.
The arrow completely misses the kobold brigand.
The kobold hits you with a +0 short sword.
You shoot an arrow.
The arrow closely misses the kobold brigand.
The kobold misses you.
The kobold brigand hits you with a +2 dagger of freezing!
The kobold brigand freezes you. The kobold hits you with a +0 whip.
You are too injured to fight recklessly!
You are too injured to fight recklessly!
The kobold barely misses you.
The kobold brigand hits you with a +2 dagger of freezing.
The kobold brigand freezes you.
* * * LOW HITPOINT WARNING * * *
The kobold misses you.
You climb upwards.
There is a stone staircase leading down here.
Fire: a) +0 shortbow
Press: ? - help, Q - select action, (/) - cycle Shift-Dir - straight line, f - kobold brigand
Aim: a kobold brigand, wielding a +2 dagger of freezing and quivering poisoned darts (severely wounded, 66% to hit)
You shoot an arrow.
The arrow closely misses the kobold brigand.
The kobold hits you with a +0 whip.
* * * LOW HITPOINT WARNING * * *
The kobold misses you.
The kobold brigand completely misses you.
Fire: a) +0 shortbow
Press: ? - help, Q - select action, (/) - cycle Shift-Dir - straight line, f/p - kobold brigand
Aim: a kobold brigand, wielding a +2 dagger of freezing and quivering poisoned darts (severely wounded, 66% to hit)
You shoot an arrow. The arrow hits the kobold brigand.
The kobold brigand is severely wounded.
The kobold hits you but does no damage.
The kobold hits you with a +0 short sword.
* * * LOW HITPOINT WARNING * * *
The kobold brigand hits you with a +2 dagger of freezing.
* * * LOW HITPOINT WARNING * * *
The kobold brigand freezes you.
You die...

≈~~~~~~~~≈≈≈#.#....##..##.#..#
~~.~~~~≈.≈≈~..#........##.#g##
≈~~~~~~~≈≈....#...#...###.#.#
~~~≈~≈~≈≈≈....#...#...# #.#.#
...~.~..~.....#..##...###.#g#
##.....###..##...#.._..##.#.#
####..##..##....#.....##.#)#
##.#.#..##.#K########.#)#
#.#..#.#..Kh##......)).#
#.##..#.#†#K##.#####.###
#.###..#....##.......#
#.###...#..###..######
#......#.#...#..##
######..#.#......#
#..##..#..#..#
##########...#...#.#..#
............##.#...##.#


You could see a kobold brigand and 2 kobolds.

Vanquished Creatures
  Grinder (D:4)
  Menkaure (D:4)
  A water moccasin (D:4)
  A black bear (D:5)
  2 ogres (D:4)
  A scorpion (D:3)
  A gnoll sergeant (D:5)
  A hound (D:5)
  A human zombie (Ossuary)
  A centaur zombie (Ossuary)
  A sleepcap (D:4)
  5 iguanas
  2 orc wizards
  5 mummies (Ossuary)
  5 gnolls (D:5)
  7 adders
  3 worms
  A dart slug (D:2)
  13 orcs
  7 endoplasms
  5 giant cockroaches
  11 goblins
  12 hobgoblins
  3 jackals (D:5)
  3 quokkas
  7 ball pythons
  5 bats
  4 frilled lizards
  2 gnoll zombies (Ossuary)
  2 goblin zombies (Ossuary)
  A hobgoblin zombie (Ossuary)
  12 kobolds
  A kobold zombie (Ossuary)
  2 rats (D:3)
  2 rat zombies (D:5)
132 creatures vanquished.

Notes
Turn   | Place    | Note
-------+----------+-------------------------------------------
     0 | D:1      | Dawnplanks the Spriggan Hunter began the quest for the Orb.
     0 | D:1      | Reached XP level 1. HP: 10/10 MP: 2/2
   151 | D:1      | Reached XP level 2. HP: 14/14 MP: 3/3
   597 | D:2      | Reached XP level 3. HP: 18/18 MP: 4/4
   668 | D:2      | Reached skill level 5 in Ranged Weapons
   967 | D:2      | Reached XP level 4. HP: 23/23 MP: 5/5
  1394 | D:3      | Noticed a scorpion
  1413 | D:3      | Killed a scorpion
  1414 | D:3      | Reached skill level 6 in Ranged Weapons
  1414 | D:3      | Reached XP level 5. HP: 26/26 MP: 6/6
  2172 | D:4      | Noticed an ogre
  2200 | D:4      | Killed an ogre
  2201 | D:4      | Reached XP level 6. HP: 30/30 MP: 7/7
  2221 | D:4      | Noticed a water moccasin
  2227 | D:4      | Killed a water moccasin
  2340 | D:4      | Noticed Menkaure
  2344 | D:4      | Killed Menkaure
  2345 | D:4      | Reached skill level 5 in Shapeshifting
  2419 | D:4      | Reached XP level 7. HP: 35/35 MP: 8/8
  2552 | D:4      | Noticed Grinder
  2576 | D:4      | Killed Grinder
  3104 | D:5      | Entered Level 5 of the Dungeon
  3362 | D:5      | Reached XP level 8. HP: 39/39 MP: 9/9
  3383 | D:5      | Found a sand-covered staircase.
  3394 | Ossuary  | Entered an ossuary
  3478 | Ossuary  | Reached skill level 7 in Ranged Weapons
  3852 | D:5      | Found a shimmering altar of Xom.
  3988 | D:5      | Found Zotoxu's Weapon Shop.
  4250 | D:5      | Reached skill level 8 in Ranged Weapons
  4537 | D:5      | HP: 1/39 [kobold brigand/+2 dagger of freezing (3)]
  4537 | D:5      | Slain by a kobold brigand

Illustrated notes

Levels and vault maps discovered:
D:1:      pf_arrival_petrified_forest, layout_basic, st_stairs_12
D:2:      layout_loops_ring, minmay_cupped
D:3:      layout_basic, minmay_bisected
D:4:      layout_loops_ring, nicolae_concentric_dashed_squares_mild,
          kennysheep_pointless_box, uniq_grinder, uniq_menkaure
D:5:      layout_basic, mainiacjoe_overflow_alcove_1, enter_ossuary_4,
          serial_shops, nicolae_square_shop, grunt_ministairs_3,
          hangedman_abyss_or_decor_slice, chequers_serial_rivers_large_a
D:6:      layout_loops_ring, nicolae_qazlal_beasts_of_the_sky,
          minmay_temple_entry_butterflies, hangedman_abyss_or_decor_stagger,
          hangedman_decor_push, chequers_serial_rivers_small_3

Skill      XL: |  1  2  3  4  5  6  7  8 |
---------------+-------------------------+-----
Ranged Weapons | 5 6 8 |  8.2
Fighting       | 2 |  2.7
Dodging        | 3 |  3.1
Stealth        | 2 |  2.0
Shapeshifting  | 2 5 7 |  7.4

Action                     |  1- 3 |  4- 6 |  7- 9 || total
---------------------------+-------+-------+-------++-------
   Fire: Shortbow          |   134 |   111 |   194 ||   439
 Armour: Robe              |     6 |     2 |     7 ||    15
  Dodge: Dodged            |    40 |    16 |    46 ||   102
   Form: Beast             |       |     1 |       ||     1

Table legend: (Time is in decaauts)
 A = Elapsed time spent in this place.
 B = Non-inter-level travel time spent in this place.
 C = Inter-level travel time spent in this place.
 D = Time resting spent in this place.
 E = Time spent auto-exploring this place.
 F = Levels seen in this place.
 G = Mean time per level.
                   A        B        C        D        E       F      G
               +--------+--------+--------+--------+--------+-----+--------+
         Total |   3211 |   3117 |     94 |    216 |   2167 |   7 |  458.7 |
       Dungeon |   2943 |   2849 |     94 |    200 |   1990 |   6 |  490.5 |
       Ossuary |    268 |    268 |      0 |     16 |    176 |   1 |  268.0 |
               +--------+--------+--------+--------+--------+-----+--------+

Top non-repeatable levels by time:
     D:5: 794 daAuts
     D:3: 604 daAuts
     D:4: 580 daAuts
     D:2: 517 daAuts
     D:1: 428 daAuts
 Ossuary: 268 daAuts
     D:6: 17 daAuts
